TOP OF THE 1ST |
Philadelphia Phillies batting - Pitching for Cincinnati Reds : RHP Larry Dierker
|
Pitching: RHP Larry Dierker
|
|
Batting: RHB Andy Ramirez
|
0-0: Ball 1-0: Called Strike 1-1: DOUBLE (Line Drive, 8LXD, EV 108.1 MPH)
|
Batting: RHB Paul Molitor
|
0-0: Ball 1-0: SINGLE (Line Drive, 9LS, EV 98.8 MPH) Andy Ramirez to third Runner from 3rd tries for Home, SAFE, throw by RF to home
|
Batting: LHB Tony Gwynn
|
0-0: Called Strike Paul Molitor steals 2nd base 0-1: Fly out, F4 (Line Drive, 4, EV 72.5 MPH)
|
Batting: RHB Candy Maldonado
|
0-0: Ball 1-0: Ball 2-0: Called Strike 2-1: Swinging Strike 2-2: Foul Ball, location: 2F 2-2: Strikes out looking
|
Batting: LHB Ty Gainey
|
0-0: Ball 1-0: 2-RUN HOME RUN (Flyball, 89XD, EV 101.9 MPH), Distance : 455 ft
|
Batting: LHB Lou Whitaker
|
0-0: Ball 1-0: Fly out, F5 (Popup, 5SF, EV 81.3 MPH)
|
Top of the 1st over - 3 runs, 3 hits, 0 errors, 0 left on base; Philadelphia 3 - Cincinnati 0 |
BOTTOM OF THE 1ST |
Cincinnati Reds batting - Pitching for Philadelphia Phillies : RHP Buzz Capra
|
Pitching: RHP Buzz Capra
|
|
Batting: RHB Gary Matthews
|
0-0: Swinging Strike 0-1: Swinging Strike 0-2: Ball 1-2: Fly out, F8 (Line Drive, 8LD, EV 97.5 MPH)
|
Batting: RHB Bill Melton
|
0-0: SOLO HOME RUN (Flyball, 78XD, EV 103.1 MPH), Distance : 439 ft
|
Batting: LHB Mike Easler
|
0-0: Called Strike 0-1: Called Strike 0-2: SINGLE (Groundball, 25, EV 66.9 MPH) (infield hit)
|
Batting: LHB Darrell Evans
|
0-0: Ball 1-0: Ball 2-0: SINGLE (Groundball, 56D, EV 102.5 MPH) Mike Easler to second
|
Batting: RHB Johnny Bench
|
0-0: Called Strike 0-1: Called Strike 0-2: Ball 1-2: Fly out, F9 (Flyball, 9D, EV 100.6 MPH) Runner from 2nd tags up, SAFE at 3rd, no throw by RF
|
Batting: RHB Nick Deurloo
|
0-0: Fly out, F9 (Flyball, 89S, EV 88.1 MPH)
|
Bottom of the 1st over - 1 run, 3 hits, 0 errors, 2 left on base; Philadelphia 3 - Cincinnati 1 |
TOP OF THE 2ND |
Philadelphia Phillies batting - Pitching for Cincinnati Reds : RHP Larry Dierker
|
Batting: RHB Dan Thomas
|
0-0: Foul Ball, location: 2F 0-1: Ground out 6-3 (Groundball, 56, EV 80.0 MPH)
|
Batting: RHB Tony Pena
|
0-0: Ball 1-0: Ball 2-0: Ground out U3 (Groundball, 3S, EV 68.8 MPH)
|
Batting: RHB Buzz Capra
|
0-0: Foul Ball, location: 2F 0-1: Ball 1-1: Ball 2-1: Foul Ball, location: 2F 2-2: Ball 3-2: Ground out 4-3 (Groundball, 4, EV 91.9 MPH)
|
Top of the 2nd over - 0 runs, 0 hits, 0 errors, 0 left on base; Philadelphia 3 - Cincinnati 1 |
BOTTOM OF THE 2ND |
Cincinnati Reds batting - Pitching for Philadelphia Phillies : RHP Buzz Capra
|
Batting: RHB Jim Anderson
|
0-0: Called Strike 0-1: Ball 1-1: Foul Ball, location: 2F 1-2: Fly out, F3 (Line Drive, 3, EV 74.4 MPH)
|
Batting: SHB Julio Estrada
|
0-0: Foul Ball, location: 2F 0-1: Ball 1-1: Ball 2-1: Called Strike 2-2: Ground out 4-3 (Groundball, 4, EV 83.1 MPH)
|
Batting: RHB Larry Dierker
|
0-0: Called Strike 0-1: Ball 1-1: Ball 2-1: Ball 3-1: Swinging Strike 3-2: Foul Ball, location: 2F 3-2: Ground out 6-3 (Groundball, 6, EV 85.6 MPH)
|
Bottom of the 2nd over - 0 runs, 0 hits, 0 errors, 0 left on base; Philadelphia 3 - Cincinnati 1 |
TOP OF THE 3RD |
Philadelphia Phillies batting - Pitching for Cincinnati Reds : RHP Larry Dierker
|
Batting: RHB Andy Ramirez
|
0-0: Called Strike 0-1: Ball 1-1: Foul Ball, location: 2F 1-2: Foul Ball, location: 2F 1-2: Ball 2-2: Ground out 1-3 (Groundball, 15S, EV 73.8 MPH)
|
Batting: RHB Paul Molitor
|
0-0: Called Strike 0-1: Ball 1-1: Foul Ball, location: 2F 1-2: Ground out 1-3 (Groundball, 34S, EV 73.1 MPH)
|
Batting: LHB Tony Gwynn
|
0-0: SINGLE (Line Drive, 4MD, EV 95.6 MPH)
|
Batting: RHB Candy Maldonado
|
0-0: Fly out, F9 (Flyball, 89M, EV 84.4 MPH)
|
Top of the 3rd over - 0 runs, 1 hit, 0 errors, 1 left on base; Philadelphia 3 - Cincinnati 1 |
BOTTOM OF THE 3RD |
Cincinnati Reds batting - Pitching for Philadelphia Phillies : RHP Buzz Capra
|
Batting: RHB Gary Matthews
|
0-0: SINGLE (Line Drive, 7LM, EV 101.9 MPH)
|
Batting: RHB Bill Melton
|
0-0: Called Strike 0-1: Swinging Strike 0-2: Foul Ball, location: 2F 0-2: Ball 1-2: Ball 2-2: SINGLE (Line Drive, 8RS, EV 113.1 MPH) Gary Matthews to second Runner from 2nd tries for 3rd, SAFE, no throw by CF
|
Batting: LHB Mike Easler
|
0-0: Fly out, F6 (Line Drive, 6, EV 69.4 MPH)
|
Batting: LHB Darrell Evans
|
0-0: Ball 1-0: Ball 2-0: Called Strike 2-1: Foul Ball, location: 2F 2-2: Foul Ball, location: 2F 2-2: Fly out, F8 (Flyball, 8LD, EV 78.8 MPH) Runner from 3rd tags up, SCORES, no throw by CF
|
Batting: RHB Johnny Bench
|
0-0: Ball 1-0: Ball 2-0: Ball 3-0: Called Strike 3-1: Called Strike 3-2: Ground out 6-3 (Groundball, 56, EV 106.9 MPH)
|
Bottom of the 3rd over - 1 run, 2 hits, 0 errors, 1 left on base; Philadelphia 3 - Cincinnati 2 |
TOP OF THE 4TH |
Philadelphia Phillies batting - Pitching for Cincinnati Reds : RHP Larry Dierker
|
Batting: LHB Ty Gainey
|
0-0: Fly out, F9 (Flyball, 9S, EV 86.9 MPH)
|
Batting: LHB Lou Whitaker
|
0-0: Called Strike 0-1: Called Strike 0-2: Ball 1-2: Strikes out swinging
|
Batting: RHB Dan Thomas
|
0-0: Foul Ball, location: 2F 0-1: Ball 1-1: Foul Ball, location: 2F 1-2: SINGLE (Groundball, 6S, EV 70.0 MPH) (infield hit)
|
Batting: RHB Tony Pena
|
0-0: Called Strike Dan Thomas steals 2nd base 0-1: Swinging Strike 0-2: Ball 1-2: Fly out, F8 (Flyball, 89D, EV 105.6 MPH)
|
Top of the 4th over - 0 runs, 1 hit, 0 errors, 1 left on base; Philadelphia 3 - Cincinnati 2 |
BOTTOM OF THE 4TH |
Cincinnati Reds batting - Pitching for Philadelphia Phillies : RHP Buzz Capra
|
Batting: RHB Nick Deurloo
|
0-0: Ball 1-0: Ball 2-0: SINGLE (Line Drive, 5D, EV 98.8 MPH)
|
Batting: RHB Jim Anderson
|
0-0: Fly out, F3 (Popup, 3SF, EV 68.1 MPH)
|
Batting: SHB Julio Estrada
|
0-0: Called Strike Nick Deurloo steals 2nd base 0-1: Ball 1-1: SINGLE (Groundball, 34D, EV 95.0 MPH) Nick Deurloo to third Runner from 3rd tries for Home, throw by RF and OUT! 9-2
|
Pinch Hitting: LHB Scott Radloff
|
0-0: Ball 1-0: Ball 2-0: Ground out 4-3 (Groundball, 4, EV 88.1 MPH)
|
Bottom of the 4th over - 0 runs, 2 hits, 0 errors, 1 left on base; Philadelphia 3 - Cincinnati 2 |
TOP OF THE 5TH |
Philadelphia Phillies batting - Pitching for Cincinnati Reds : RHP Larry Dierker
|
Pitching: RHP Moises Rangel
|
|
Pinch Hitting: LHB Andy Guerrero
|
0-0: Ball 1-0: Bunt missed! 1-1: Ball 2-1: Ball 3-1: Base on Balls
|
Batting: RHB Andy Ramirez
|
0-0: Called Strike 0-1: Ball 1-1: Bunt missed! 1-2: Ball 2-2: Ball 3-2: Fly out, F8 (Flyball, 8LS, EV 95.6 MPH)
|
Batting: RHB Paul Molitor
|
0-0: Called Strike 0-1: Ball 1-1: Ball 2-1: Called Strike 2-2: Ball 3-2: Base on Balls Andy Guerrero to second
|
Batting: LHB Tony Gwynn
|
0-0: Ball 1-0: Ball 2-0: Called Strike 2-1: Ball 3-1: Swinging Strike 3-2: Strikes out swinging
|
Batting: RHB Candy Maldonado
|
0-0: Ball 1-0: Foul Ball, location: 2F 1-1: Fly out, F6 (Popup, P, EV 76.9 MPH)
|
Top of the 5th over - 0 runs, 0 hits, 0 errors, 2 left on base; Philadelphia 3 - Cincinnati 2 |
BOTTOM OF THE 5TH |
Cincinnati Reds batting - Pitching for Philadelphia Phillies : RHP Buzz Capra
|
Pitching: RHP Armando Gutierrez
|
|
Batting: RHB Gary Matthews
|
0-0: Ball 1-0: Called Strike 1-1: Ball 2-1: Foul Ball, location: 2F 2-2: Ball 3-2: Foul Ball, location: 2F 3-2: Ground out 5-3 (Groundball, 5, EV 85.0 MPH)
|
Batting: RHB Bill Melton
|
0-0: Ball 1-0: Ball 2-0: Fly out, F8 (Flyball, 8RS, EV 90.0 MPH)
|
Batting: LHB Mike Easler
|
0-0: Fly out, F8 (Line Drive, 8LD, EV 85.6 MPH)
|
Bottom of the 5th over - 0 runs, 0 hits, 0 errors, 0 left on base; Philadelphia 3 - Cincinnati 2 |
TOP OF THE 6TH |
Philadelphia Phillies batting - Pitching for Cincinnati Reds : RHP Moises Rangel
|
Batting: LHB Ty Gainey
|
0-0: Swinging Strike 0-1: Foul Ball, location: 2F 0-2: Ball 1-2: Strikes out swinging
|
Batting: LHB Lou Whitaker
|
0-0: Ball 1-0: Ball 2-0: Ball 3-0: Called Strike 3-1: Base on Balls
|
Batting: RHB Dan Thomas
|
0-0: Fly out, F4 (Flyball, 3D, EV 86.3 MPH)
|
Batting: RHB Tony Pena
|
0-0: Ball 1-0: Ball 2-0: Ball 3-0: Base on Balls Lou Whitaker to second
|
Pinch Hitting: LHB Ken Phelps
|
0-0: Ball 1-0: Called Strike Lou Whitaker steals 3rd base 1-1: Ball 2-1: Foul Ball, location: 2F 2-2: Fly out, F7 (Flyball, 78S, EV 85.0 MPH)
|
Top of the 6th over - 0 runs, 0 hits, 0 errors, 2 left on base; Philadelphia 3 - Cincinnati 2 |
BOTTOM OF THE 6TH |
Cincinnati Reds batting - Pitching for Philadelphia Phillies : RHP Armando Gutierrez
|
Pitching: RHP Tony Villa
|
|
Batting: LHB Darrell Evans
|
0-0: Ball 1-0: Swinging Strike 1-1: Foul Ball, location: 2F 1-2: Ball 2-2: Strikes out swinging
|
Batting: RHB Johnny Bench
|
0-0: Ball 1-0: Foul Ball, location: 2F 1-1: Fly out, F8 (Flyball, 8LM, EV 96.9 MPH)
|
Batting: RHB Nick Deurloo
|
0-0: Foul Ball, location: 2F 0-1: Ball 1-1: Ball 2-1: Foul Ball, location: 2F 2-2: Ball 3-2: Base on Balls
|
Batting: RHB Jim Anderson
|
0-0: Ball 1-0: Ball 2-0: Called Strike 2-1: SINGLE (Line Drive, 9S, EV 95.6 MPH) Nick Deurloo to second Runner from 2nd tries for 3rd, SAFE, no throw by RF
|
Batting: SHB Julio Estrada
|
0-0: Called Strike 0-1: Fly out, F7 (Line Drive, 7, EV 92.5 MPH)
|
Bottom of the 6th over - 0 runs, 1 hit, 0 errors, 2 left on base; Philadelphia 3 - Cincinnati 2 |
TOP OF THE 7TH |
Philadelphia Phillies batting - Pitching for Cincinnati Reds : RHP Moises Rangel
|
Pinch Hitting: LHB Terry Lee
|
0-0: Called Strike 0-1: Ball 1-1: Called Strike 1-2: SOLO HOME RUN (Flyball, 9D, EV 111.3 MPH), Distance : 423 ft
|
Pinch Hitting: RHB Ivan de Jesus
|
0-0: Swinging Strike 0-1: Ball 1-1: Ball 2-1: Foul Ball, location: 2F 2-2: Foul Ball, location: 2F 2-2: Ball 3-2: Base on Balls
|
Pitching: LHP Pat Underwood
|
|
Pinch Hitting: LHB James Peters
|
0-0: Ball 1-0: Ball 2-0: Called Strike 2-1: Ball 3-1: Foul Ball, location: 2F 3-2: Foul Ball, location: 2F 3-2: Strikes out swinging
|
Pinch Hitting: RHB Tim Wallach
|
0-0: Called Strike 0-1: Ball 1-1: Grounds into double play, 4-6-3 (Groundball, 4, EV 87.5 MPH)
|
Top of the 7th over - 1 run, 1 hit, 0 errors, 0 left on base; Philadelphia 4 - Cincinnati 2 |
BOTTOM OF THE 7TH |
Cincinnati Reds batting - Pitching for Philadelphia Phillies : RHP Tony Villa
|
Now at 2B: Ivan de Jesus
|
|
Now at SS: Terry Lee
|
|
Now in LF: Terry Bogener
|
|
Now in CF: Rick Lancellotti
|
|
Pinch Hitting: LHB Joseph Talley
|
0-0: Called Strike 0-1: Ball 1-1: Swinging Strike 1-2: Strikes out looking
|
Pinch Hitting: LHB Roberto Ruiz
|
0-0: Ball 1-0: Foul Ball, location: 2F 1-1: Ground out 4-3 (Groundball, 34, EV 81.9 MPH)
|
Pinch Hitting: LHB Kevin Schoendienst
|
0-0: Ball 1-0: Ball 2-0: Foul Ball, location: 2F 2-1: Foul Ball, location: 2F 2-2: Ball 3-2: Strikes out looking
|
Bottom of the 7th over - 0 runs, 0 hits, 0 errors, 0 left on base; Philadelphia 4 - Cincinnati 2 |
TOP OF THE 8TH |
Philadelphia Phillies batting - Pitching for Cincinnati Reds : LHP Pat Underwood
|
Pitching: LHP Lee Guetterman
|
|
Now at 1B: Kevin Schoendienst
|
|
Now in CF: Roberto Ruiz
|
|
Pinch Hitting: RHB Andre Dawson
|
0-0: Ball 1-0: Ball 2-0: Ball 3-0: Fly out, F3 (Line Drive, 3, EV 68.1 MPH)
|
Pinch Hitting: LHB Adrian McCarthy
|
0-0: Swinging Strike 0-1: Ball 1-1: Ground out 4-3 (Groundball, 34D, EV 82.5 MPH)
|
Pinch Hitting: LHB Randy Bush
|
0-0: Called Strike 0-1: Reached on error, E6 (Groundball, 6, EV 98.1 MPH)
|
Batting: RHB Tony Pena
|
0-0: Ball 1-0: Called Strike 1-1: Ground out 6-3 (Groundball, 6, EV 85.6 MPH)
|
Top of the 8th over - 0 runs, 0 hits, 1 error, 1 left on base; Philadelphia 4 - Cincinnati 2 |
BOTTOM OF THE 8TH |
Cincinnati Reds batting - Pitching for Philadelphia Phillies : RHP Tony Villa
|
Now at 1B: Clay Hill
|
|
Now at 3B: Adrian McCarthy
|
|
Now in RF: Andre Dawson
|
|
Pinch Hitting: LHB Jim Bennett
|
0-0: Foul Ball, location: 2F 0-1: Ball 1-1: Foul Ball, location: 2F 1-2: Foul Ball, location: 2F 1-2: Ground out 4-3 (Groundball, 34, EV 103.8 MPH)
|
Pinch Hitting: SHB Mark T McLemore
|
0-0: Ball 1-0: Ball 2-0: Ball 3-0: Base on Balls
|
Pitching: RHP Jim Kern
|
|
Batting: RHB Johnny Bench
|
0-0: 2-RUN HOME RUN (Flyball, 7D, EV 96.3 MPH), Distance : 387 ft
|
Pinch Hitting: LHB Michael Wishnevski
|
0-0: Called Strike 0-1: Foul Ball, location: 2F 0-2: Foul Ball, location: 2F 0-2: Ball 1-2: Strikes out looking
|
Pinch Hitting: SHB Craig Smajstrla
|
0-0: Fly out, F8 (Flyball, 8LD, EV 91.9 MPH)
|
Bottom of the 8th over - 2 runs, 1 hit, 0 errors, 0 left on base; Philadelphia 4 - Cincinnati 4 |
TOP OF THE 9TH |
Philadelphia Phillies batting - Pitching for Cincinnati Reds : LHP Lee Guetterman
|
Now at 2B: Craig Smajstrla
|
|
Now at 3B: Mark T McLemore
|
|
Now in LF: Michael Wishnevski
|
|
Now in RF: Jim Bennett
|
|
Pinch Hitting: RHB Jody Davis
|
0-0: SINGLE (Line Drive, 7S, EV 109.4 MPH)
|
Pitching: RHP Jay Dillard
|
|
Batting: LHB Terry Lee
|
0-0: Called Strike 0-1: Swinging Strike 0-2: Strikes out swinging
|
Pinch Hitting: LHB Cecil Cooper
|
0-0: Foul Ball, location: 2F 0-1: Ball 1-1: Foul Ball, location: 2F 1-2: Strikes out swinging
|
Batting: LHB Terry Bogener
|
0-0: Swinging Strike 0-1: Ball 1-1: Hit by Pitch Jody Davis to second
|
Batting: LHB Rick Lancellotti
|
0-0: Ball 1-0: Ball 2-0: Ground out 3-1 (Groundball, 34S, EV 87.5 MPH)
|
Top of the 9th over - 0 runs, 1 hit, 0 errors, 2 left on base; Philadelphia 4 - Cincinnati 4 |
BOTTOM OF THE 9TH |
Cincinnati Reds batting - Pitching for Philadelphia Phillies : RHP Jim Kern
|
Pitching: RHP Jack Morris
|
|
Now at 2B: Derrell Baker
|
|
Pinch Hitting: RHB Jesus Alfaro
|
0-0: Ball 1-0: Ball 2-0: Called Strike 2-1: Foul Ball, location: 2F 2-2: Ground out 6-3 (Groundball, 6, EV 90.0 MPH)
|
Pinch Hitting: LHB Chad Daley
|
0-0: Called Strike 0-1: Ball 1-1: Ball 2-1: Foul Ball, location: 2F 2-2: Ball 3-2: Foul Ball, location: 2F 3-2: Base on Balls
|
Batting: LHB Roberto Ruiz
|
0-0: Called Strike 0-1: Foul Ball, location: 2F 0-2: Foul Ball, location: 2F 0-2: Ball 1-2: Ball 2-2: Fly out, F9 (Flyball, 9S, EV 95.6 MPH)
|
Batting: LHB Kevin Schoendienst
|
0-0: Called Strike 0-1: Ball 1-1: Ball 2-1: Swinging Strike 2-2: Strikes out swinging
|
Bottom of the 9th over - 0 runs, 0 hits, 0 errors, 1 left on base; Philadelphia 4 - Cincinnati 4 |
TOP OF THE 10TH |
Philadelphia Phillies batting - Pitching for Cincinnati Reds : RHP Jay Dillard
|
Pitching: RHP Andrew Muhlstock
|
|
Now at SS: Jesus Alfaro
|
|
Batting: RHB Andre Dawson
|
0-0: Called Strike 0-1: Ball 1-1: Foul Ball, location: 2F 1-2: SOLO HOME RUN (Flyball, 7D, EV 111.9 MPH), Distance : 387 ft
|
Batting: LHB Adrian McCarthy
|
0-0: Ball 1-0: Called Strike 1-1: Ball 2-1: Foul Ball, location: 2F 2-2: Strikes out swinging
|
Batting: LHB Clay Hill
|
0-0: Ball 1-0: Ball 2-0: Foul Ball, location: 2F 2-1: Foul Ball, location: 2F 2-2: Ground out 3-1 (Groundball, 34, EV 88.1 MPH)
|
Batting: RHB Tony Pena
|
0-0: Called Strike 0-1: Swinging Strike 0-2: Ball 1-2: SINGLE (Flyball, 6MD, EV 91.3 MPH)
|
Batting: RHB Derrell Baker
|
0-0: Ball 1-0: Called Strike 1-1: Called Strike 1-2: Foul Ball, location: 2F 1-2: Ball 2-2: Strikes out looking
|
Top of the 10th over - 1 run, 2 hits, 0 errors, 1 left on base; Philadelphia 5 - Cincinnati 4 |
BOTTOM OF THE 10TH |
Cincinnati Reds batting - Pitching for Philadelphia Phillies : RHP Jack Morris
|
Pitching: RHP Tom Hume
|
|
Now at 1B: Jesus Vega
|
|
Batting: LHB Jim Bennett
|
0-0: Ball 1-0: DOUBLE (Line Drive, 3D, EV 94.4 MPH)
|
Batting: SHB Mark T McLemore
|
0-0: Called Strike 0-1: Foul Ball, location: 2F 0-2: Strikes out swinging
|
Pinch Hitting: RHB Tracy Cowger
|
0-0: Called Strike 0-1: SINGLE (Groundball, 56, EV 101.3 MPH) (infield hit) Jim Bennett to third
|
Batting: LHB Michael Wishnevski
|
0-0: Swinging Strike 0-1: Ball 1-1: Ball 2-1: Called Strike 2-2: Foul Ball, location: 2F 2-2: Strikes out swinging
|
Batting: SHB Craig Smajstrla
|
0-0: Ball 1-0: Called Strike 1-1: Fly out, F7 (Line Drive, 7D, EV 106.9 MPH)
|
Bottom of the 10th over - 0 runs, 2 hits, 0 errors, 2 left on base; Philadelphia 5 - Cincinnati 4 |
|